AoeStats
← Nego D

MegaRandom

508105965Analyzed
2v2 RM · 12d ago on Sep 20, 2026· 37m 12s· 4 players
Game mode
Random Map
Map size
Medium (4 player)
Population
200
Speed
Normal
Resources
Standard
Victory
Conquest
Starting age
Dark Age
Ending age
Imperial Age
RankedLock teamsTeams togetherTeam positionsShared explorationLock speedFull tech treeHidden civsTurbo modeCheats
Victory
Defeat
🇦🇷 Khmer · Argentina
1264
+15
🇧🇷 Italians · Brazil
1218
+17
🇦🇷 Shu · Argentina
1249
-16
🇦🇷 Celts · Argentina
1231
-16
Nego D
0:25 Loom
11:35 Feudal Age
16:22 Fishing Lines
16:45 Man-at-Arms
18:26 Gold Mining
18:22 Double-Bit Axe
18:57 Forging
18:53 Scale Barding Armor
19:04 Bloodlines
20:01 Horse Collar
22:39 Castle Age
22:27 Man-at-Arms
23:52 Chain Barding Armor
26:22 Iron Casting
27:43 Bow Saw
27:36 Heavy Plow
31:37 Husbandry
33:40 Wheelbarrow
32:51 Town Watch
36:29 Imperial Age
34:14 Fletching
Neon
4:15 Loom
12:18 Feudal Age
15:06 Double-Bit Axe
16:34 Town Watch
21:27 Castle Age
21:35 Horse Collar
25:17 Wheelbarrow
26:45 Stone Mining
29:00 Hand Cart
29:07 Gold Mining
32:59 Imperial Age
30:48 Scale Barding Armor
30:53 Forging
31:38 Bloodlines
32:04 Heavy Plow
32:15 Bow Saw
32:09 Husbandry
33:54 Chain Barding Armor
35:34 Plate Barding Armor
35:47 Conscription
37:25 Iron Casting
37:33 Crop Rotation
Yoyi
7:27 Loom
9:52 Feudal Age
9:57 Man-at-Arms
11:29 Double-Bit Axe
13:50 Horse Collar
20:56 Castle Age
18:53 Arson
19:23 Scale Mail Armor
21:39 Town Watch
21:50 Gambesons
21:27 Pikeman
23:15 Wheelbarrow
22:50 Long Swordsman
33:59 Fletching
36:49 Bow Saw
LA_12_FPS
7:34 Loom
9:48 Feudal Age
12:05 Horse Collar
13:24 Double-Bit Axe
19:32 Castle Age
17:33 Gold Mining
19:52 Crossbowman
26:00 Heavy Plow
27:15 Wheelbarrow
27:39 Bow Saw
32:58 Imperial Age
31:26 Ballistics
32:08 Hand Cart
31:53 Fletching
32:33 Padded Archer Armor
33:47 Thumb Ring
34:44 Gold Shaft Mining
33:53 Arbalester
34:50 Town Watch
35:44 Bodkin Arrow
Connection lost

Rejoining the realm…

Still unreachable

The connection could not be restored.

Session expired

The server has moved on; the page needs a fresh start.